 Dungeon Crawl Stone Soup version 0.31-a0-1082-g7d1fb776a8 (webtiles) character file.

Game seed: 16554365464645302691

2922965 Flugslaktarn the Skinwalker (level 21, 45/164 HPs)
             Began as an Octopode Shapeshifter on Nov 28, 2023.
             Was an Elder of Ashenzari.
             Escaped with the Orb
             ... and 3 runes!
             The game lasted 00:27:30 (24226 turns).

Flugslaktarn the Skinwalker (OpSh)                 Turns: 24226, Time: 00:27:30

Health: 45/164     AC: 19    Str: 23    XL:     21   Next: 59%
Magic:  21/21      EV: 65    Int: 13    God:    Ashenzari [****..]
Gold:   1388       SH:  0    Dex: 22    Spells: 20/20 levels left

rFire   . .          .
                       - Unarmed
rCold   + + .        (shield currently unavailable)
rNeg    . . .        (helmet currently unavailable)
rPois   ∞            i - amulet "Mantic Trepidation" {rElec rPois rC+ Regen+, Range, Melee} (curse)
rElec   +            A - ring of the Eye in the Sky {Dex+6, Self, Alch} (curse)
rCorr   .            P - ring "I Knew You'd Do That" {AC+2, Elem, Cun} (curse)
SInv    +            v - ring "Gnosis of Ashenzari" {EV+5, Dev, Melee} (curse)
Will    +....        I - ring of the Fated Augurer {EV+5, Melee, Comp} (curse)
Stlth   +            B - ring of Toth-Mos's Legacy {Str+6, Fort, Dev} (curse)
HPRegen 1.27/turn    c - ring of protection from cold
MPRegen 0.17/turn    p - ring of the Ensconced Loss {AC+4, Elem, Dev} (curse)
                     j - ring of the Sublime Augur {EV+5, Melee, Self} (curse)

%: clarity
@: storm-form, flying
A: cleaving, insubstantial, flying, almost no armour, amphibious, 8 rings,
(camouflage 1), (gelatinous body 1), (nimble swimmer 1), (tentacles),
(iridescent scales 1), clarity, clumsy 1, (heat vulnerability 1), MP-powered
wands
0: Orb of Zot
}: 3/15 runes: decaying, serpentine, abyssal
a: Blinkbolt, Begin Untransformation, Renounce Religion, Curse Item, Shatter the
Chains


You escaped.
You worshipped Ashenzari.
Ashenzari was greatly pleased with you.
You were a lightning-filled tempest!
You visited 7 branches of the dungeon, and saw 38 of its levels.
You visited the Abyss 3 times.

You collected 1907 gold pieces.
You spent 519 gold pieces at shops.

Inventory:

Hand Weapons
 a - a +1 dagger of distortion
   (You took it off Sonja on level 3 of the Lair of Beasts)
Armour
 O - a +1 kite shield of protection
   (You took it off a naga warrior on level 4 of the Snake Pit)
Jewellery
 c - a ring of protection from cold (on tentacle)
   (You found it on level 4 of the Snake Pit)
 i - the cursed amulet "Mantic Trepidation" (around neck) {rElec rPois rC+ Regen+, Range, Melee}
   (You found it on level 6 of the Dungeon)

   [amulet of regeneration]

   rC+:       It protects you from cold.
   rElec:     It insulates you from electricity.
   rPois:     It protects you from poison Regen+: It increases your rate of
   health regeneration.
   It has a curse which improves the following skills: Ranged Combat: Ranged
   Weapons and Throwing.
   Melee Combat: Short Blades, Long Blades, Axes, Maces & Flails, Polearms,
   Staves and Unarmed Combat.
 j - the cursed ring of the Sublime Augur (on tentacle) {EV+5, Melee, Self}
   (You found it on level 4 of the Lair of Beasts)

   [ring of evasion]

   EV+5:      It affects your evasion (+5).
   It has a curse which improves the following skills: Melee Combat: Short
   Blades, Long Blades, Axes, Maces & Flails, Polearms, Staves and Unarmed
   Combat.
   Introspection: Fighting and Spellcasting.
 k - a ring of resist corrosion
   (You found it on level 4 of the Lair of Beasts)
 p - the cursed ring of the Ensconced Loss (on tentacle) {AC+4, Elem, Dev}
   (You found it on level 2 of the Depths)

   [ring of protection]

   AC+4:      It affects your AC (+4).
   It has a curse which improves the following skills: Elements: Fire Magic, Ice
   Magic, Air Magic and Earth Magic.
   Devices:   Evocations and Shapeshifting.
 v - the cursed ring "Gnosis of Ashenzari" (on tentacle) {EV+5, Dev, Melee}
   (You found it on level 12 of the Dungeon)

   [ring of evasion]

   EV+5:      It affects your evasion (+5).
   It has a curse which improves the following skills: Devices: Evocations and
   Shapeshifting.
   Melee Combat: Short Blades, Long Blades, Axes, Maces & Flails, Polearms,
   Staves and Unarmed Combat.
 A - the cursed ring of the Eye in the Sky (left tentacle) {Dex+6, Self, Alch}
   (You found it on level 2 of the Dungeon)

   [ring of dexterity]

   Dex+6:     It affects your dexterity (+6).
   It has a curse which improves the following skills: Introspection: Fighting
   and Spellcasting.
   Alchemy:   Poison Magic and Transmutations.
 B - the cursed ring of Toth-Mos's Legacy (on tentacle) {Str+6, Fort, Dev}
   (You found it on level 9 of the Dungeon)

   [ring of strength]

   Str+6:     It affects your strength (+6).
   It has a curse which improves the following skills: Fortitude: Shields.
   Devices:   Evocations and Shapeshifting.
 I - the cursed ring of the Fated Augurer (on tentacle) {EV+5, Melee, Comp}
   (You took it off Erica on level 8 of the Dungeon)

   [ring of evasion]

   EV+5:      It affects your evasion (+5).
   It has a curse which improves the following skills: Melee Combat: Short
   Blades, Long Blades, Axes, Maces & Flails, Polearms, Staves and Unarmed
   Combat.
   Companions: Summonings and Necromancy.
 P - the cursed ring "I Knew You'd Do That" (right tentacle) {AC+2, Elem, Cun}
   (You bought it in a shop on level 8 of the Dungeon)

   [ring of protection]

   AC+2:      It affects your AC (+2).
   It has a curse which improves the following skills: Elements: Fire Magic, Ice
   Magic, Air Magic and Earth Magic.
   Cunning:   Dodging and Stealth.
Talismans
 l - a storm talisman (active)
   (You found it on level 1 of the Dungeon)
 o - a dragon-blood talisman
   (You took it off Bai Suzhen on level 3 of the Swamp)
 N - a granite talisman
   (You took it off Roxanne on level 1 of the Swamp)
Wands
 u - a wand of charming (39)
   (You found it on level 4 of the Dungeon)
 y - a wand of roots (15)
   (You found it on level 5 of the Dungeon)
 C - a wand of quicksilver (15)
   (You found it on level 10 of the Dungeon)
 E - a wand of mindburst (8)
   (You found it on level 11 of the Dungeon)
Scrolls
 e - 6 scrolls of vulnerability
 f - 3 scrolls of immolation
 g - 2 scrolls of silence
 r - 8 scrolls of fear
 t - 5 scrolls of teleportation
 J - a scroll of fog
 K - 6 scrolls of enchant armour
Potions
 b - 2 potions of lignification
 d - 2 potions of might
 h - 4 potions of haste
 m - 3 potions of mutation
 n - 3 potions of resistance
 q - 5 potions of curing
 s - 2 potions of berserk rage
 D - 2 potions of magic
 F - a potion of invisibility
 H - a potion of enlightenment
Miscellaneous
 L - a phantom mirror
   (You found it on level 5 of the Lair of Beasts)


   Skills:
 + Level 17.7(20.2) Fighting
 + Level 18.4(20.0) Dodging
 + Level 18.1(22.2) Unarmed Combat
 - Level 3.3(6.4) Evocations
 - Level 21.4(24.6) Shapeshifting


You had 20 spell levels left.
You didn't know any spells.
Your spell library was empty.

Dungeon Overview and Level Annotations

Branches:
Dungeon (15/15)            Temple (1/1) D:6            Lair (5/5) D:10
  Swamp (4/4) Lair:2        Snake (4/4) Lair:3        Slime (0/5) Lair:5
    Orc (0/2) D:11         Depths (4/4) D:15            Zot (5/5) Depths:4
 Vaults: D:13-14

Altars:
Ashenzari
Cheibriados
Dithmenos
Elyvilon
Fedhas
Gozag
Hepliaklqana
Kikubaaqudgha
Makhleb
Nemelex Xobeh
Okawaru
Qazlal
Ru
Sif Muna
Trog
Uskayaw
Vehumet
Wu Jian
Xom
Yredelemnul
Zin
The Shining One

Shops:
D:8 =(   D:10 *   D:13 :

Portals:
Hell: Depths:4
Abyss: Depths:2 Depths:3
Ziggurat: Depths:3

Annotations:
D:3 1 runed translucent door, Crazy Yiuf
D:9 3 runed translucent doors, Flugslaktarn's ghost, novice OpSh
D:10 4 transporters
Lair:2 1 runed translucent door, PanSaczeczos's ghost, journeyman SpFE
Lair:5 exclusion: oklob plant


Innate Abilities, Weirdness & Mutations

You are a lightning-filled tempest!
Your electrical attacks strike out in all directions at once.
You are incredibly evasive.
Your insubstantial body is immune to petrification, constriction, and being set on fire You are flying.
Your armour is entirely melded.
You are incapable of wielding weapons or throwing items.
You cannot wear most types of armour.
You are amphibious.
You can wear up to eight rings at the same time.
You are immune to poison.
((Your skin changes colour to match your surroundings (Stealth+).))
((Your rubbery body absorbs attacks. (AC +1, EV +1)))
((You are camouflaged when in or above water. (Stealth+)))
((You have tentacles for arms and can constrict up to eight enemies at once.))
((You are partially covered in iridescent scales. (AC +2)))
You possess an exceptional clarity of mind.
You are clumsy. (Dex -2)
((You are vulnerable to heat. (rF-)))
You expend magic power (3 MP) to strengthen your wands.


Message History

The Shining One smites you!
There is an open door here.
The seraph no longer looks unusually strong.
The seraph gestures.
The seraph begins to accept its allies' injuries.
The seraph gestures.
There is an escape hatch in the ceiling here.
The angel dissolves into sparkling lights!
The seraph shouts a warning to its allies!
A mysterious force pulls you upwards. The hatch slams shut behind you.
Level annotation: 3 runed translucent doors, Flugslaktarn's ghost, novice OpSh
There is a stone staircase leading up here.
You fly upwards.
HP restored.
There is a stone staircase leading down here.
An Orb Guardian comes into view.
Unknown command.
You batter the Orb Guardian!!
The Orb Guardian is moderately wounded.
You batter the Orb Guardian!!
Lightning courses through the Orb Guardian!
You punch the Orb Guardian.
The Orb Guardian is severely wounded.
The Orb Guardian closely misses you.
You miss the Orb Guardian.
You punch the Orb Guardian, but do no damage.
The Orb Guardian is severely wounded.
The Orb Guardian completely misses you.
You miss the Orb Guardian.
The Orb Guardian is severely wounded.
The Orb Guardian completely misses you.
You blast the Orb Guardian!!!!
You kill the Orb Guardian!
You see here a +0 short sword.
There is a stone staircase leading up here.
You fly upwards.
There is a stone staircase leading down here.
You see here a +0 shortbow.
There is a stone staircase leading up here.
You fly upwards.
There is a stone staircase leading down here.
There is a stone staircase leading up here.
You fly upwards.
There is a stone staircase leading down here.
An Ophuym and a lich come into view.
Unknown command.
Unknown command.
The lich shouts!
There is a stone staircase leading up here.
You fly upwards.
There is a stone staircase leading down here.
There is a stone staircase leading up here.
You fly upwards.
Level annotation: 1 runed translucent door, Crazy Yiuf
There is a stone staircase leading down here.
There is an open door here.
There is a stone staircase leading up here.
You fly upwards.
There is a stone staircase leading down here.
There is a stone staircase leading up here.
You fly upwards.
There is a stone staircase leading down here.
You sense a monster nearby.
A large abomination comes into view.
Unknown command.
An Executioner comes into view.
The Executioner gives a hideous shriek!
The large abomination completely misses you.
The Executioner completely misses you. x3
You blast the Executioner!!!
The Executioner is heavily wounded.
You batter the large abomination!!
The Executioner gestures.
The Executioner seems to speed up.
You batter the Executioner!!
The Executioner is almost dead.
You blast the large abomination!!!
You destroy the large abomination!
The Executioner barely misses you.
The Executioner completely misses you. x2
A large abomination comes into view.
The Executioner completely misses you. The Executioner closely misses you.
The Executioner completely misses you.
You batter the Executioner!!
You kill the Executioner!
Your phantom mirror has recharged.
The large abomination completely misses you.
You blast the large abomination!!!
You destroy the large abomination!
No target in view!
You reach down and open the door.
There is an open door here.
An Ice Fiend comes into view.
The Ice Fiend roars!
Unknown command.
The Ice Fiend calls on the powers of darkness!
Your body is wracked with pain!
The Ice Fiend calls on the powers of darkness!
Your body is wracked with pain!
* * * LOW HITPOINT WARNING * * *
There is a staircase leading out of the dungeon here.
You have escaped!

#........# #.# #.........#.
#........# #.# #########...
#........#######'###############.
#.......###...........##.........
######### #...........##.######..
## #...........##......#.#
.###### #.......1...##......#.#
......# #.........).##......#.#
#####.# #.....v.....##........#
#.## #...........##......###
#..## #...........##..#..## ##..#
#...........##..#.## ##.#
#...........###...# #### #.#
#...........###..## ...# #.#
######'#######..## ...# #.#####
##.#######..#
...####.....###..#:.......#


You could see an Ice Fiend.

Vanquished Creatures
  A seraph (Depths:2)
  A dread lich (Zot:5)
  An ancient lich (Zot:5)
  2 orbs of fire (Zot:5)
  Mara (Swamp:3)
  A Killer Klown (Zot:5)
  Bai Suzhen (Swamp:3)
  5 caustic shrikes (Depths:3)
  Vashnia (Snake:4)
  4 golden dragons
  A profane servitor (D:12)
  2 bone dragons
  2 electric golems
  Rupert (Lair:5)
  11 tentacled monstrosities
  3 liches
  An Ice Fiend (Depths:4)
  25 Orb Guardians
  A quicksilver dragon (Zot:4)
  4 Executioners
  A sphinx (Depths:2)
  11 storm dragons
  A death cob (Zot:1)
  3 tentacled starspawn (Abyss:4)
  Kirke (Swamp:1)
  2 thorn hunters (Swamp:4)
  Roxanne (Swamp:1)
  4 shadow dragons
  2 draconian knights
  Donald (Swamp:2)
  A draconian monk (Zot:5)
  A daeva (Abyss:4)
  5 nagarajas (Snake:4)
  2 frost giants
  2 fire giants
  3 spectral caustic shrikes (Depths:3)
  A draconian scorcher (Zot:4)
  A draconian stormcaller (Zot:5)
  An angel (Depths:2)
  2 ghost moths (Zot:4)
  25 very ugly things
  A draconian annihilator (Depths:4)
  A spriggan defender (Depths:2)
  4 stone giants
  A vampire knight (Depths:1)
  2 black draconians (Zot:5)
  An eleionoma (Swamp:4)
  2 green draconians
  3 red draconians
  3 yellow draconians
  4 spark wasps (Depths:4)
  10 ettins
  3 fire dragons
  Josephine (Lair:5)
  4 jiangshi
  A shambling mangrove (Swamp:4)
  Erolcha (D:9)
  2 rakshasas
  2 salamander tyrants (Snake:4)
  18 hydras
  7 ice dragons
  4 spriggan air magi
  A ghost crab (Swamp:1)
  Erica (D:8)
  4 alligators (Swamp:2)
  5 anacondas
  4 catoblepae (Lair:5)
  2 boulder beetles
  3 centaur warriors
  6 naga warriors
  A two-headed ogre (D:12)
  2 vampire magi
  14 death yaks
  4 deep troll earth magi
  8 deep troll shamans
  7 tengu warriors
  4 thrashing horrors (Abyss:4)
  4 shock serpents
  2 occultists
  3 naga sharpshooters (Snake:4)
  A deep elf knight (D:14)
  4 spriggan berserkers
  Sonja (Lair:3)
  A soul eater (Depths:2)
  3 skeletal warriors (D:12)
  2 goliath frogs
  2 wretched stars (Abyss:4)
  2 skysharks
  3 hell knights (Abyss:4)
  7 iron trolls
  3 salamander mystics (Snake:4)
  A sea snake (Snake:3)
  5 spriggan druids
  12 swamp dragons
  13 deep trolls
  2 flayed ghosts (Abyss:4)
  6 naga ritualists
  An arcanist (D:14)
  4 bog bodies
  A shadow demon (D:15)
  2 necromancers (Abyss:4)
  A phantasmal warrior (D:14)
  3 cyclopes
  A deep elf pyromancer (D:12)
  6 mana vipers
  2 manticores (Lair:5)
  3 will-o-the-wisps
  8 salamanders
  15 ugly things
  7 moths of wrath
  17 elephants
  16 black mambas
  6 large abominations
  4 guardian serpents (Snake:4)
  A rust devil (Abyss:4)
  9 starcursed masses (Abyss:4)
  5 naga magi
  2 torpor snails
  10 cane toads
  2 unseen horrors (D:11)
  A smoke demon (Abyss:4)
  Jeremiah (D:7)
  A rime drake (Lair:4)
  6 komodo dragons
  Psyche (D:8)
  An efreet (D:15)
  A kobold demonologist (D:12)
  An ancient zyme (Abyss:4)
  2 polar bears
  A silent spectre (Abyss:4)
  5 trolls
  14 raiju (Abyss:4)
  17 hornets
  11 blink frogs (Lair:3)
  6 tyrant leeches
  A glass eye (shapeshifter) (D:14)
  11 dream sheep (Lair:5)
  2 glass eyes (Abyss:4)
  4 slime creatures (D:10)
  16 spriggans
  Sigmund (D:3)
  A shadow (D:11)
  An ettin skeleton (Abyss:4)
  2 ynoxinuls (Abyss:4)
  6 basilisks
  5 wyverns
  3 fire bats (Abyss:4)
  6 wraiths
  A golden eye (D:13)
  68 yaks
  2 hogs (Swamp:1)
  4 neqoxecs (Abyss:4)
  2 steam dragons
  A chaos spawn (Zot:4)
  A harpy simulacrum (D:12)
  An acid dragon (D:9)
  2 small abominations (Abyss:4)
  15 nagas
  6 swamp worms
  17 water moccasins
  A black bear (Lair:1)
  4 orc warriors
  9 swamp drakes
  A sky beast (D:7)
  2 ice beasts
  6 wolves (Lair:4)
  An ogre (D:4)
  24 centaurs
  2 kobold brigands (D:10)
  8 bullfrogs
  2 scorpions
  4 wights (D:6)
  7 howler monkeys
  9 orc priests
  2 hounds
  A gnoll bouda (D:6)
  2 jellies (D:5)
  Jessica (D:3)
  4 iguanas
  5 orc wizards
  10 hell rats
  12 gnolls
  5 adders
  A white imp (D:5)
  3 worms
  4 dart slugs
  34 orcs
  7 ball pythons
  6 endoplasms
  3 giant cockroaches
  9 goblins
  8 hobgoblins
  4 jackals (D:3)
  4 quokkas
  3 bats
  7 frilled lizards
  13 kobolds
  3 rats
963 creatures vanquished.

Vanquished Creatures (collateral kills)
  A demonspawn blood saint (Depths:2)
  A demonspawn black sun (Depths:2)
2 creatures vanquished.

Vanquished Creatures (others)
  A nagaraja (Snake:4)
  A hydra (Swamp:4)
  4 bloated husks
  A hornet (Swamp:4)
  2 spriggans (Swamp:3)
  2 humans (Swamp:1)
  A naga (Snake:4)
  2 swamp drakes (Swamp:4)
  An orc (D:8)
  8 foxfires
  6 starspawn tentacles (Abyss:4)
29 creatures vanquished.

Grand Total: 994 creatures vanquished

Notes
Turn   | Place    | Note
-------+----------+-------------------------------------------
     0 | D:1      | Flugslaktarn the Octopode Shapeshifter began the quest for
                  | the Orb.
     0 | D:1      | Reached XP level 1. HP: 13/13 MP: 1/1
    77 | D:1      | Reached XP level 2. HP: 18/18 MP: 2/2
   571 | D:2      | Reached XP level 3. HP: 23/24 MP: 3/3
  1210 | D:3      | Noticed Sigmund
  1212 | D:3      | Reached XP level 4. HP: 29/29 MP: 4/4
  1213 | D:3      | Gained mutation: You are partially covered in iridescent
                  | scales. (AC +2) [potion of mutation]
  1220 | D:3      | Killed Sigmund
  1221 | D:3      | Reached skill level 4 in Shapeshifting
  1221 | D:3      | Reached XP level 5. HP: 29/36 MP: 5/5
  1257 | D:3      | Noticed Jessica
  1267 | D:3      | Killed Jessica
  1268 | D:3      | Reached skill level 5 in Shapeshifting
  1268 | D:3      | Reached XP level 6. HP: 36/42 MP: 6/6
  1688 | D:3      | Found a runed translucent door.
  1689 | D:3      | Noticed Crazy Yiuf
  2384 | D:4      | You fall into a shaft and drop 2 floors!
  2404 | D:6      | Found a snail-covered altar of Cheibriados.
  2405 | D:6      | Found a shimmering blue altar of Sif Muna.
  2412 | D:6      | Noticed a water moccasin
  2462 | D:6      | Reached XP level 7. HP: 37/48 MP: 7/7
  2469 | D:6      | Identified the amulet of Law {rElec rPois rC+ Regen+}
  2531 | D:6      | Reached skill level 6 in Shapeshifting
  2701 | D:5      | Entered Level 5 of the Dungeon
  2708 | D:5      | Reached skill level 5 in Fighting
  2708 | D:5      | Reached skill level 7 in Shapeshifting
  2708 | D:5      | Reached XP level 8. HP: 52/55 MP: 8/8
  3646 | D:5      | Found a large runed translucent door.
  3650 | D:5      | Found a large runed translucent door.
  3813 | D:5      | Reached skill level 8 in Shapeshifting
  3866 | D:5      | Found a basalt altar of Yredelemnul.
  3869 | D:5      | Found a shadowy altar of Dithmenos.
  4079 | D:6      | Found a staircase to the Ecumenical Temple.
  4091 | Temple   | Entered the Ecumenical Temple
  4107 | Temple   | Became a worshipper of Ashenzari the Shackled
  4274 | D:6      | Reached skill level 9 in Shapeshifting
  4302 | D:6      | Reached XP level 9. HP: 62/62 MP: 9/9
  4806 | D:7      | Noticed Jeremiah
  5468 | D:7      | Reached skill level 10 in Shapeshifting
  5487 | D:7      | Reached * piety under Ashenzari
  5656 | D:7      | Killed Jeremiah
  5743 | D:8      | Noticed Psyche
  5765 | D:8      | Killed Psyche
  5766 | D:8      | Reached skill level 5 in Unarmed Combat
  5877 | D:8      | Reached skill level 5 in Dodging
  5954 | D:8      | Found Utuowan's One-of-a-Kind Rings.
  5959 | D:8      | Bought a +2 ring of protection for 110 gold pieces
  5959 | D:8      | Bought a +1 ring of slaying for 66 gold pieces
  6148 | D:8      | Reached XP level 10. HP: 67/69 MP: 10/10
  6213 | D:8      | Found Sapsicu's Weapon Emporium.
  6221 | D:8      | Noticed Erica
  6237 | D:8      | Killed Erica
  6601 | D:8      | Identified the +9 whip "Jeckei Tauce" {drain, Str+5}
  6744 | D:9      | Found a runed translucent gate.
  6745 | D:9      | Found a runed translucent gate.
  6746 | D:9      | Found a runed translucent gate.
  6748 | D:9      | Noticed Flugslaktarn's ghost (novice OpSh)
  6749 | D:9      | Noticed a ten-headed hydra
  6828 | D:9      | Noticed Erolcha
  6838 | D:9      | Killed Erolcha
  6914 | D:9      | Reached ** piety under Ashenzari
  7301 | D:10     | Entered Level 10 of the Dungeon
  7477 | D:10     | Found Louciwn's Elemental Accessories.
  7579 | D:10     | Found a transporter.
  7698 | D:10     | Found a staircase to the Lair.
  7709 | D:10     | Found a transporter.
  7837 | D:10     | Found a transporter.
  8212 | D:10     | Found a transporter.
  8315 | D:10     | Reached XP level 11. HP: 58/75 MP: 11/11
  8434 | D:11     | Identified the +0 ring mail of the Armadillo {rF+}
  8585 | D:11     | Found a staircase to the Orcish Mines.
  8975 | D:11     | Found a sparkling altar of Nemelex Xobeh.
  9105 | Lair:1   | Entered Level 1 of the Lair of Beasts
  9448 | Lair:1   | Reached skill level 11 in Shapeshifting
  9870 | Lair:2   | Reached XP level 12. HP: 84/84 MP: 12/12
  9870 | Lair:2   | Reached *** piety under Ashenzari
  9920 | Lair:2   | Found a runed translucent door.
  9921 | Lair:2   | Found a shimmering altar of Xom.
  9921 | Lair:2   | Noticed PanSaczeczos's ghost (journeyman SpFE)
  9921 | Lair:2   | Identified Taunk's Directory of Position
 10186 | Lair:2   | Noticed a five-headed hydra
 10205 | Lair:2   | Killed a five-headed hydra
 10206 | Lair:2   | Reached skill level 12 in Shapeshifting
 10274 | Lair:2   | Noticed a six-headed hydra
 10279 | Lair:2   | Killed a six-headed hydra
 10301 | Lair:2   | Noticed a death yak
 10321 | Lair:2   | Killed a death yak
 10664 | Lair:2   | Reached skill level 13 in Shapeshifting
 10752 | D:8      | Bought the ring of the Tuna {rPois Int+2} for 343 gold
                  | pieces
 10753 | D:8      | Reached **** piety under Ashenzari
 10983 | Lair:2   | Found a staircase to the Swamp.
 11234 | Lair:3   | Noticed Sonja
 11256 | Lair:3   | Killed Sonja
 11257 | Lair:3   | Reached skill level 14 in Shapeshifting
 11265 | Lair:3   | Noticed a seven-headed hydra
 11279 | Lair:3   | Killed a seven-headed hydra
 11280 | Lair:3   | Reached XP level 13. HP: 82/90 MP: 13/13
 11358 | Lair:3   | Reached skill level 15 in Shapeshifting
 11803 | Lair:3   | Found a staircase to the Snake Pit.
 12249 | Lair:3   | Reached skill level 16 in Shapeshifting
 12665 | Lair:4   | Reached ***** piety under Ashenzari
 12967 | Lair:4   | Reached skill level 17 in Shapeshifting
 13549 | Lair:5   | Entered Level 5 of the Lair of Beasts
 13587 | Lair:5   | Reached XP level 14. HP: 99/99 MP: 14/14
 13662 | Lair:5   | Identified the +0 leather armour "Muocet" {rElec}
 13768 | Lair:5   | Noticed Josephine
 13774 | Lair:5   | Killed Josephine
 13785 | Lair:5   | Reached skill level 18 in Shapeshifting
 13901 | Lair:5   | Noticed Rupert
 14116 | Lair:5   | Reached skill level 19 in Shapeshifting
 14396 | Lair:5   | Killed Rupert
 14397 | Lair:5   | Reached skill level 1 in Evocations
 14794 | Lair:5   | Found a staircase to the Slime Pits.
 15019 | D:12     | Reached XP level 15. HP: 88/105 MP: 15/15
 15322 | Swamp:1  | Entered Level 1 of the Swamp
 15328 | Swamp:1  | Noticed Roxanne
 15346 | Swamp:1  | Killed Roxanne
 15416 | Swamp:1  | Noticed Kirke
 15430 | Swamp:1  | Killed Kirke
 15509 | Swamp:1  | Reached skill level 20 in Shapeshifting
 15527 | Swamp:2  | Noticed Donald
 15535 | Swamp:2  | Killed Donald
 15781 | Swamp:3  | Noticed Bai Suzhen
 15798 | Swamp:3  | Killed Bai Suzhen
 15856 | Swamp:3  | Noticed Mara
 15922 | Swamp:3  | Noticed Flugslaktarn's illusion
 15948 | Swamp:3  | Killed Mara
 15949 | Swamp:3  | Reached skill level 21 in Shapeshifting
 16425 | Swamp:4  | Entered Level 4 of the Swamp
 16529 | Swamp:4  | Noticed a thorn hunter
 16692 | Swamp:4  | Killed a thorn hunter
 16693 | Swamp:4  | Reached skill level 10 in Dodging
 16693 | Swamp:4  | Reached XP level 16. HP: 111/111 MP: 16/16
 16789 | Swamp:4  | Noticed a thorn hunter
 16798 | Swamp:4  | Killed a thorn hunter
 16828 | Swamp:4  | Reached skill level 10 in Unarmed Combat
 16852 | Swamp:4  | Got a decaying rune of Zot
 17033 | Snake:1  | Entered Level 1 of the Snake Pit
 17475 | Snake:4  | Entered Level 4 of the Snake Pit
 17517 | Snake:4  | Noticed a nagaraja
 17523 | Snake:4  | Killed a nagaraja
 17567 | Snake:4  | Noticed a nagaraja
 17575 | Snake:4  | Killed a nagaraja
 17648 | Snake:4  | Reached skill level 10 in Fighting
 17731 | Snake:4  | Noticed a nagaraja
 17737 | Snake:4  | Killed a nagaraja
 18029 | Snake:4  | Reached XP level 17. HP: 105/123 MP: 17/17
 18068 | Snake:4  | Noticed Vashnia
 18075 | Snake:4  | Killed Vashnia
 18147 | Snake:4  | Got a serpentine rune of Zot
 18549 | D:15     | Entered Level 15 of the Dungeon
 18952 | D:15     | Found a staircase to the Depths.
 18970 | Depths:1 | Entered Level 1 of the Depths
 19300 | Lair:3   | Gained mutation: You occasionally lose the ability to read
                  | scrolls when taking damage. [mutagenic glow]
 19308 | Lair:3   | Gained mutation: You occasionally shout uncontrollably at
                  | your foes. [mutagenic glow]
 19322 | Abyss:3  | Found a corrupted altar of Lugonu.
 19322 | Abyss:3  | Cast into level 3 of the Abyss (unwielding a weapon of
                  | distortion)
 19325 | Abyss:3  | Lost mutation: You occasionally shout uncontrollably at
                  | your foes. [mutagenic glow]
 19334 | Abyss:3  | Gained mutation: You are dopey. (Int -2) [mutagenic glow]
 19346 | Abyss:4  | Gained mutation: You are frail. (-10% HP) [mutagenic glow]
 19348 | Abyss:4  | Noticed an Executioner
 19352 | Abyss:4  | Killed an Executioner
 19356 | Abyss:4  | Gained mutation: Your magical capacity is low. (-10% MP)
                  | [mutagenic glow]
 19365 | Abyss:4  | Gained mutation: You are very frail. (-20% HP) [mutagenic
                  | glow]
 19404 | Abyss:4  | Noticed a tentacled starspawn
 19408 | Abyss:4  | Killed a tentacled starspawn
 19480 | Lair:3   | Escaped the Abyss
 19633 | D:12     | Lost mutation: You are partially covered in iridescent
                  | scales. (AC +2) [potion of mutation]
 19633 | D:12     | Lost mutation: You occasionally lose the ability to read
                  | scrolls when taking damage. [potion of mutation]
 19633 | D:12     | Lost mutation: You are very frail. (-20% HP) [potion of
                  | mutation]
 19633 | D:12     | Gained mutation: You are very dopey. (Int -4) [potion of
                  | mutation]
 19633 | D:12     | Gained mutation: You are strong-willed. (Will+) [potion of
                  | mutation]
 19642 | D:12     | Lost mutation: You are very dopey. (Int -4) [potion of
                  | mutation]
 19642 | D:12     | Lost mutation: You are strong-willed. (Will+) [potion of
                  | mutation]
 19642 | D:12     | Lost mutation: Your magical capacity is low. (-10% MP)
                  | [potion of mutation]
 19642 | D:12     | Gained mutation: You occasionally shout uncontrollably at
                  | your foes. [potion of mutation]
 19642 | D:12     | Gained mutation: Your skin blends seamlessly with your
                  | surroundings (Stealth++). [potion of mutation]
 19642 | D:12     | Gained mutation: One of your tentacles bears a spike.
                  | [potion of mutation]
 19643 | D:12     | Lost mutation: One of your tentacles bears a spike. [potion
                  | of mutation]
 19643 | D:12     | Lost mutation: You are frail. (-10% HP) [potion of
                  | mutation]
 19643 | D:12     | Gained mutation: Your body sometimes deteriorates upon
                  | taking damage. [potion of mutation]
 19643 | D:12     | Gained mutation: You are frail. (-10% HP) [potion of
                  | mutation]
 19643 | D:12     | Gained mutation: You are covered in fur. (AC +1) [potion of
                  | mutation]
 19644 | D:12     | Lost mutation: Your body sometimes deteriorates upon taking
                  | damage. [potion of mutation]
 19644 | D:12     | Lost mutation: You are frail. (-10% HP) [potion of
                  | mutation]
 19644 | D:12     | Lost mutation: You are dopey. (Int -2) [potion of mutation]
 19644 | D:12     | Lost mutation: You are covered in fur. (AC +1) [potion of
                  | mutation]
 19677 | D:13     | Found Ajyzin's Book Shoppe.
 19977 | Depths:1 | Reached XP level 18. HP: 101/134 MP: 18/18
 20441 | Depths:3 | Found the +11 plutonium sword {Contam Stlth-}
 20489 | Depths:3 | Found a one-way gate to the infinite horrors of the Abyss.
 20506 | Depths:3 | Found a one-way gateway to a ziggurat.
 20509 | Depths:3 | Voluntarily entered the Abyss.
 20589 | Abyss:4  | Found a corrupted altar of Lugonu.
 20647 | Abyss:4  | Found a corrupted altar of Lugonu.
 20655 | Abyss:4  | Noticed a bone dragon
 20672 | Abyss:4  | Killed a bone dragon
 20689 | Abyss:4  | Gained mutation: You are frail. (-10% HP) [a neqoxec]
 20697 | Depths:3 | Escaped the Abyss
 20699 | Depths:3 | Voluntarily entered the Abyss.
 20700 | Abyss:4  | Found a corrupted altar of Lugonu.
 20779 | Abyss:4  | Lost mutation: You are extremely frail. (-30% HP) [potion
                  | of mutation]
 20779 | Abyss:4  | Lost mutation: Your skin blends seamlessly with your
                  | surroundings (Stealth++). [potion of mutation]
 20779 | Abyss:4  | Lost mutation: You occasionally shout uncontrollably at
                  | your foes. [potion of mutation]
 20779 | Abyss:4  | Gained mutation: You possess an exceptional clarity of
                  | mind. [potion of mutation]
 20779 | Abyss:4  | Gained mutation: You are partially covered in iridescent
                  | scales. (AC +2) [potion of mutation]
 20779 | Abyss:4  | Gained mutation: You expend magic power (3 MP) to
                  | strengthen your wands. [potion of mutation]
 20846 | Abyss:4  | Got an abyssal rune of Zot
 20868 | Depths:3 | Escaped the Abyss
 20920 | Depths:3 | Reached skill level 15 in Dodging
 20930 | Depths:3 | Reached XP level 19. HP: 123/144 MP: 19/19
 20967 | Depths:4 | Entered Level 4 of the Depths
 20968 | Depths:4 | Noticed a tentacled monstrosity
 20975 | Depths:4 | Killed a tentacled monstrosity
 20995 | Depths:4 | Noticed a caustic shrike
 20995 | Depths:4 | Noticed a caustic shrike
 20995 | Depths:4 | Noticed a caustic shrike
 20996 | Depths:4 | Noticed a caustic shrike
 20999 | Depths:4 | Noticed a caustic shrike
 21001 | Depths:3 | Killed a caustic shrike
 21005 | Depths:3 | Killed a caustic shrike
 21039 | Depths:3 | Killed a caustic shrike
 21040 | Depths:3 | Killed a caustic shrike
 21041 | Depths:3 | Reached skill level 15 in Unarmed Combat
 21045 | Depths:3 | Killed a caustic shrike
 21140 | Depths:4 | Noticed a golden dragon
 21149 | Depths:4 | Killed a golden dragon
 21303 | Depths:4 | Reached skill level 15 in Fighting
 22367 | Depths:4 | Noticed a bone dragon
 22382 | Depths:4 | Killed a bone dragon
 22403 | Depths:4 | Found a gateway to Hell.
 22486 | Depths:4 | Found a gate to the Realm of Zot.
 22492 | Zot:1    | Entered Level 1 of the Realm of Zot
 22492 | Zot:1    | Noticed a tentacled monstrosity
 22500 | Zot:1    | Killed a tentacled monstrosity
 22501 | Zot:1    | Reached XP level 20. HP: 148/153 MP: 20/20
 22521 | Zot:1    | Noticed an electric golem
 22527 | Zot:1    | Killed an electric golem
 22543 | Zot:3    | Identified the granite talisman of the Realm of Zot {rN+
                  | MP+9 Str+2 Int-2}
 22635 | Zot:4    | Noticed a golden dragon
 22643 | Zot:4    | Killed a golden dragon
 22691 | Zot:4    | Noticed a golden dragon
 22706 | Zot:4    | Killed a golden dragon
 22728 | Zot:5    | Entered Level 5 of the Realm of Zot
 22929 | Zot:5    | Noticed a dread lich
 22933 | Zot:5    | Paralysed by a dread lich for 4 turns
 22942 | Zot:5    | Killed a dread lich
 22952 | Zot:5    | Noticed a golden dragon
 22996 | Zot:5    | Noticed a Killer Klown
 23006 | Zot:5    | Noticed an ancient lich
 23007 | Zot:5    | Noticed an electric golem
 23007 | Zot:5    | Noticed an orb of fire
 23017 | Zot:5    | Killed an ancient lich
 23017 | Zot:5    | Gained mutation: You are clumsy. (Dex -2) [an orb of fire]
 23025 | Zot:5    | Gained mutation: You are vulnerable to heat. (rF-) [an orb
                  | of fire]
 23027 | Zot:5    | Killed an orb of fire
 23031 | Zot:5    | Killed a Killer Klown
 23036 | Zot:5    | Killed a golden dragon
 23036 | Zot:5    | Noticed an orb of fire
 23057 | Zot:5    | Killed an orb of fire
 23058 | Zot:5    | Reached XP level 21. HP: 87/162 MP: 21/21
 23338 | Zot:5    | Got the Orb of Zot
 23656 | Depths:2 | Noticed a seraph
 23679 | Depths:2 | Killed a seraph
 23938 | D:12     | Noticed a profane servitor
 23947 | D:12     | Killed a profane servitor
 23991 | D:10     | Noticed a seraph
 24121 | D:5      | Noticed Ophuym the pandemonium lord
 24226 | D:$      | Escaped with the Orb!

Illustrated notes

Levels and vault maps discovered:
D:1:      psy_arrival_statuary, layout_basic
D:2:      layout_basic, kennysheep_generic_room_7
D:3:      layout_basic, uniq_jessica, uniq_sigmund, uniq_crazy_yiuf_cottage
D:4:      layout_basic
D:5:      layout_gridville, jmf_multi_god_temple2, serial_glass,
          glass_columns_c, glass_columns_c
D:6:      layout_gridville, grunt_temple_overflow_open,
          minmay_temple_entry_purple_smoke
D:7:      layout_cave_pods, minmay_misc_feat_four_crosses, uniq_jeremiah
D:8:      layout_basic, serial_shops, nicolae_shop_bloodbath_and_beyond,
          nicolae_shop_unique_rings, uniq_psyche, uniq_erica
D:9:      layout_loops_ring, gammafunk_ghost_hydra_chop, uniq_erolcha
D:10:     layout_grid_maze, lair_entry_dummy, nicolae_elemental_shop,
          dreamdust_princess_corridor, nicolae_diode_intersection
D:11:     layout_rooms, erik_orc_1, nemelex_diamond_rough_becter
D:12:     layout_cave_pools
D:13:     layout_loops_ring, serial_shops, nicolae_shop_rolling_square,
          enter_trove_0
D:14:     layout_cross, david_vaults_2, hangedman_stone_soup,
          nicolae_rejected_hall
D:15:     grunt_enter_depths_snipers, layout_basic, nicolae_ru_awakened_eye,
          minivault_20
Temple:   regret_index_temple_mists
Lair:1:   layout_roguey
Lair:2:   layout_loops_ring, mainiacjoe_swamp_entry_angry_trees,
          ebering_ghost_xom, st_stairs_5
Lair:3:   layout_regular_city, minmay_snake_entry_guardpost_small,
          grunt_megastairs_2, uniq_sonja
Lair:4:   layout_cave_pods
Lair:5:   evilmike_catoblepas_cave, layout_layer_cave,
          minmay_slime_entry_oklob_enclosed, dreamdust_mushroom_princess,
          uniq_josephine, uniq_rupert
Swamp:1:  cheibrodos_swamp_tower_of_moss, layout_basic_swamp,
          nicolae_swamp_some_circles, uniq_roxanne, uniq_kirke
Swamp:2:  layout_basic_swamp, evilmike_swamp_ruin_house_5, swamp_pool_1_2,
          nicolae_swamp_round_clearing, uniq_donald
Swamp:3:  layout_basic_swamp, hangedman_swamp_lotus,
          nicolae_swamp_decorative_isthmus, infiniplex_staircase_pool_2,
          uniq_mara, uniq_bai_suzhen
Swamp:4:  swamp, layout_basic_swamp, beargit_elvish_explorers
Snake:1:  layout_misc_corridors, portal_ice_cave_entry_ice_statue_two,
          minmay_shoptagon
Snake:2:  layout_chambers, grunt_ministairs_10, abandoned_shop
Snake:3:  layout_basic
Snake:4:  johnstein_snake_rune_scales, layout_cave_town, basic_altar,
          st_stairs_2, uniq_vashnia
Depths:1: layout_cave_pools, serial_shops, nicolae_shop_rolling_square,
          roderic_serpentine_path, hell_entry, minmay_misc_feat_alley,
          nrook_loot_triangle, hangedman_cracks_in_the_wall
Depths:2: nicolae_cairo_tiling, layout_basic, grunt_hell_entry_dis_old,
          grunt_pan_entry_in_and_out, abyss_entry,
          ploomutoo_gammafunk_ghost_potion_laboratory, basic_altar,
          minmay_misc_feat_enclosed, uniq_aizul, uniq_josephina
Depths:3: hangedman_cross_veins, layout_basic, enter_ziggurat_d, abyss_entry,
          pf_hell_entry_tar_river, infiniplex_staircase_star,
          serial_bayou_shore_b
Depths:4: evilmike_zot_entry_hall, layout_cave_shapes, grunt_pan_entry_zigzag,
          grunt_decor_mini_mirrors, hell_entry, abyss_entry,
          serial_bayou_shore_b
Zot:1:    layout_misc_corridors, grunt_ministairs_4
Zot:2:    layout_onion, regret_index_zotdec_tunneler,
          regret_index_zotdec_obsidian_hm
Zot:3:    layout_basic
Zot:4:    regret_index_qazlal_generations, layout_misc_corridors,
          hangedman_zot_decor_unnerving_road, st_stairs_9
Zot:5:    layout_basic

Skill      XL: |  1  2  3  4  5  6  7  8  9 10 11 12 13 14 15 16 17 18 19 20 21 |
---------------+----------------------------------------------------------------+-----
Fighting       | 2 3 4 5 6 7 10 12 14 15 16 17 | 17.7
Shapeshifting  | 4 5 7 9 10 11 14 17 19 21 | 21.4
Dodging        | 5 8 9 10 11 13 15 16 17 18 | 18.4
Unarmed Combat | 5 8 9 11 13 14 16 17 18 | 18.1
Evocations     | 3 |  3.3

Action                     |  1- 3 |  4- 6 |  7- 9 | 10-12 | 13-15 | 16-18 | 19-21 || total
---------------------------+-------+-------+-------+-------+-------+-------+-------++-------
  Melee: Unarmed           |    76 |    83 |   228 |   393 |   757 |   663 |   498 ||  2698
         Constrict         |    18 |    27 |    56 |    82 |   130 |     3 |       ||   316
         Tentacles         |    14 |    22 |    39 |       |    23 |    11 |       ||   109
         Punch             |     1 |     2 |       |       |    24 |    75 |    77 ||   179
 Invoke: Curse Item        |       |       |     3 |     4 |     3 |       |     1 ||    11
         Shatter the Chain |       |       |       |       |     1 |       |     2 ||     3
Ability: Blinkbolt         |       |       |       |       |     1 |       |       ||     1
  Evoke: Wand              |       |       |       |     4 |       |       |     1 ||     5
         Phantom mirror    |       |       |       |       |       |       |     1 ||     1
    Use: Scroll            |     1 |     2 |     6 |     1 |       |     4 |     7 ||    21
         Potion            |       |     1 |       |     1 |       |     8 |    14 ||    24
   Stab: Sleeping          |     5 |     6 |       |     4 |    10 |     3 |     1 ||    29
         Distracted        |       |     1 |       |       |       |     1 |       ||     2
         Invisible         |       |       |       |     3 |       |       |       ||     3
         Confused          |       |       |       |     1 |       |       |       ||     1
         Petrified         |       |       |       |       |     5 |       |       ||     5
 Armour: Skin              |    26 |    32 |   158 |   184 |   291 |   114 |   126 ||   931
  Dodge: Dodged            |    33 |    46 |   131 |   380 |   983 |   899 |   776 ||  3248
   Form: Anaconda          |       |       |     1 |       |     3 |       |       ||     4
         Flux              |       |       |     1 |       |       |       |       ||     1
         Storm             |       |       |       |       |     5 |     1 |       ||     6
         Statue            |       |       |       |       |     1 |     1 |       ||     2

Table legend: (Time is in decaauts)
 A = Elapsed time spent in this place.
 B = Non-inter-level travel time spent in this place.
 C = Inter-level travel time spent in this place.
 D = Time resting spent in this place.
 E = Time spent auto-exploring this place.
 F = Levels seen in this place.
 G = Mean time per level.
                   A        B        C        D        E       F      G
               +--------+--------+--------+--------+--------+-----+--------+
         Total |  23930 |  20002 |   3928 |   1987 |  12167 |  42 |  569.8 |
       Dungeon |  11706 |   9517 |   2189 |    624 |   6784 |  15 |  780.4 |
        Temple |     32 |      2 |     30 |      0 |      0 |   1 |   32.0 |
          Lair |   6098 |   5348 |    750 |    685 |   3476 |   5 | 1219.6 |
         Swamp |   1943 |   1668 |    275 |    328 |    730 |   4 |  485.8 |
     Snake Pit |   1199 |   1056 |    143 |      0 |    695 |   4 |  299.8 |
        Depths |   1549 |   1153 |    396 |    107 |    448 |   4 |  387.2 |
           Zot |    902 |    758 |    144 |    234 |      0 |   5 |  180.4 |
         Abyss |    497 |    497 |      0 |      8 |     33 |   4 |  124.2 |
               +--------+--------+--------+--------+--------+-----+--------+

Top non-repeatable levels by time:
  Lair:2: 1496 daAuts
    D:10: 1487 daAuts
  Lair:4: 1302 daAuts
     D:7: 1222 daAuts
  Lair:3: 1185 daAuts
  Lair:5: 1179 daAuts
    D:15: 1115 daAuts
     D:5: 1003 daAuts
     D:8: 996 daAuts
     D:3: 953 daAuts
  Lair:1: 935 daAuts
     D:6: 795 daAuts
    D:11: 758 daAuts
 Snake:4: 712 daAuts
 Swamp:3: 708 daAuts
